 Dungeon Crawl Stone Soup version 0.18.0-1-g0107ab7 (webtiles) character file.

110 Alarkh the Poker (level 4, -1/33 HPs)
             Began as a Mummy Skald on May 5, 2016.
             Slain by a crocodile (16 damage)
             ... in a sewer.
             The game lasted 00:03:11 (2164 turns).

Alarkh the Poker (Mummy Skald)                      Turns: 2164, Time: 00:03:11

Health: -1/33      AC:  3    Str: 15    XL:     4   Next: 61%
Magic:  3/7        EV: 11    Int: 12    God:
Gold:   91         SH:  0    Dex: 11    Spells: 3 memorised, 2 levels left

rFire  x . .     SeeInvis .     a - +0 trident
rCold  + . .     Gourm    .     b - +0 leather armour
rNeg   + + +     Faith    .     (no shield)
rPois  ∞         Spirit   .     (no helmet)
rElec  .         Dismiss  .     (no cloak)
rCorr  .         Reflect  .     (no gloves)
SustAt .         Harm     .     (no boots)
MR     .....                    (no amulet)
Stlth  +.........               (no ring)
                                (no ring)

@: infused (expiring), very slightly contaminated, not resistant to hostile
enchantments, very unstealthy
A: no food or potions, fire vulnerability, cold resistance 1, negative energy
resistance 3, torment resistance, unbreathing
a: no special abilities


You were in a sewer.
You were not hungry.

You visited 1 branch of the dungeon, and saw 3 of its levels.
You also visited: Sewer.

You collected 91 gold pieces.

Inventory:

Hand Weapons
 a - a +0 trident (weapon)
 k - a +0 spear
Armour
 b - a +0 leather armour (worn)
Jewellery
 d - an uncursed ring of ice
Scrolls
 e - a scroll of magic mapping
 f - a scroll of blinking
 g - 4 scrolls of teleportation
 h - a scroll of recharging {unknown}
 i - a scroll of fear
 j - a scroll of random uselessness {unknown}
Books
 c - a book of Battle

   Spells                             Type                      Level
   a - Infusion                       Charms                       1
   b - Shroud of Golubria             Charms/Translocation         2
   c - Song of Slaying                Charms                       2
   d - Spectral Weapon                Hexes/Charms                 3
   e - Regeneration                   Charms/Necromancy            3


   Skills:
 - Level 2.0 Fighting
 + Level 4.0 Polearms
 - Level 0.7 Armour
 - Level 0.7 Dodging
 - Level 2.0 Spellcasting
 - Level 2.4 Charms


You had 2 spell levels left.
You knew the following spells:

 Your Spells              Type           Power        Failure   Level  Hunger
a - Infusion              Chrm           #...         14%         1    N/A
b - Song of Slaying       Chrm           #.......     21%         2    N/A
e - Shroud of Golubria    Chrm/Tloc      #.........   34%         2    N/A

Dungeon Overview and Level Annotations

Branches:
Dungeon (3/15)

Altars:
Pakellas
Yredelemnul


Innate Abilities, Weirdness & Mutations

You do not eat or drink.
Your flesh is vulnerable to fire.
You are immune to poison.
Your flesh is cold resistant.
You are immune to negative energy.
You are immune to unholy pain and torment.
You can survive without breathing.


Message History

Aim: a crocodile (lightly wounded)
You hit the crocodile.
The crocodile is moderately wounded.
Your magical infusion is running out.
Your shroud bends the crocodile's attack away.
The crocodile bites you!
Your shroud falls apart!
Attack whom?
Press: ? - help, Dir - move target cursor, f/p - crocodile
Aim: a crocodile (moderately wounded)
You hit the crocodile but do no damage.
The crocodile is moderately wounded.
The crocodile bites you.
Attack whom?
Press: ? - help, Dir - move target cursor, f/p - crocodile
Aim: a crocodile (moderately wounded)
You hit the crocodile.
The crocodile is heavily wounded.
The crocodile bites you!
You die...

. ...
.....#############
......t@.........∩
.....####.########
... #.# . #.# #.#
#.# #.# ##.##
##...##


You could see a crocodile.

Vanquished Creatures
  An iguana (D:1)
  3 adders
  2 oozes (D:2)
  A dart slug (D:1)
  A giant gecko (D:2)
  An orc (D:3)
  A ball python (D:1)
  6 giant cockroaches
  3 goblins
  6 hobgoblins
  2 quokkas
  8 bats
  2 giant newts
  6 kobolds
  2 rats
45 creatures vanquished.

Notes
Turn   | Place    | Note
--------------------------------------------------------------
     0 | D:1      | Alarkh the Mummy Skald began the quest for the Orb.
     0 | D:1      | Reached XP level 1. HP: 16/16 MP: 3/3
   266 | D:1      | Reached skill level 2 in Polearms
   376 | D:1      | Reached XP level 2. HP: 22/22 MP: 0/5
   890 | D:1      | Reached skill level 3 in Polearms
   890 | D:1      | Reached XP level 3. HP: 12/27 MP: 1/6
   973 | D:2      | Found a basalt altar of Yredelemnul.
  1296 | D:2      | Reached XP level 4. HP: 15/33 MP: 2/7
  1388 | D:2      | Learned a level 2 spell: Song of Slaying
  1391 | D:2      | Learned a level 2 spell: Shroud of Golubria
  1821 | D:3      | Found an oddly glowing altar of Pakellas.
  2007 | D:3      | Found a glowing drain.
  2045 | D:3      | Reached skill level 4 in Polearms
  2079 | Sewer    | Entered a sewer
  2156 | Sewer    | Noticed a crocodile
  2164 | Sewer    | Slain by a crocodile

Skill      XL: |  1  2  3  4 |
---------------+-------------+-----
Polearms       | 2 3 4 |  4.0
Fighting       | |  2.0
Armour         | |  0.7
Dodging        | |  0.7
Spellcasting   | |  2.0
Charms         | |  2.4

Action                   |  1- 3 |  4- 6 || total
-------------------------+-------+-------++-------
Melee: Spear             |    86 |     1 ||    87
       Trident           |       |    64 ||    64
 Cast: Infusion          |    16 |    12 ||    28
       Shroud of Golubri |       |     1 ||     1
  Use: Scroll            |     4 |       ||     4
 Stab: Sleeping          |       |     2 ||     2
       Distracted        |       |     1 ||     1
Armor: Leather armour    |    11 |    27 ||    38
Dodge: Dodged            |    33 |    31 ||    64
